 Dungeon Sprint DCSS version 0.24-a0-809-g71cb82dfb8 (webtiles) character file.

Game seed: 3377101969373293462, levelgen mode: deterministic

30 MisterOstroum the Archer (level 6, -7/64 HPs)
             Began as a Centaur Hunter on Oct 11, 2019.
             Was a Priest of Makhleb.
             Mangled by a jumping spider (13 damage)
             ... in the Dungeon (Sprint VI: "Thunderdome").
             The game lasted 00:06:15 (371 turns).

MisterOstroum the Archer (Centaur Hunter)            Turns: 371, Time: 00:06:15

Health: -7/64      AC:  4    Str: 16    XL:     6   Next: 1%
Magic:  7/9        EV:  5    Int: 10    God:    Makhleb [***...]
Gold:   89         SH:  0    Dex:  8    Spells: 5/5 levels left

rFire    . . .     SeeInvis .   q - +1 short sword (holy)
rCold    . . .     Gourm    .   (no shield)
rNeg     . . .     Faith    .   c - +0 leather armour
rPois    .         Spirit   .   (no helmet)
rElec    .         Reflect  .   (no cloak)
rCorr    .         Harm     .   (no gloves)
MR       .....     Clarity  +   (no barding) Stlth ..........NoTele +
                                (no amulet)
HPRegen  0.20/turn              (no ring)
MPRegen  0.11/turn              (no ring)

@: held, very quick
A: large, hooves 3, clarity, clumsy 1, deformed body, speed 2, sense
surroundings 1, screaming 1, tough skin 3
a: Minor Destruction, Lesser Servant of Makhleb, Renounce Religion


You were in the Dungeon.
You worshipped Makhleb.
Makhleb was most pleased with you.
You were not hungry.

You visited 1 branch You collected 250 gold pieces.
You spent 161 gold pieces at shops.

Inventory:

Hand Weapons
 a - a +1 shortbow
 b - a +0 short sword
 q - a +1 short sword of holy wrath (weapon)
Missiles
 d - 10 arrows
 r - 2 stones (quivered)
Armour
 c - a +0 leather armour (worn)
Wands
 m - a wand of acid (5)
 n - a wand of iceblast (5)
Scrolls
 k - 4 scrolls of blinking {@r4}
 o - 3 scrolls of fog
Potions
 f - a potion of curing {@q1 !q}
 g - 6 potions of heal wounds {@q2 !q}
 h - 4 potions of haste {@q4 !q}
 i - 2 potions of magic
 j - a potion of berserk rage
 l - a potion of resistance
Comestibles
 e - a ration
 p - 5 chunks of flesh


   Skills:
 * Level 9.6 Fighting
 + Level 10.1 Bows
 - Level 1.3 Dodging
 - Level 0.4 Stealth
 - Level 5.1 Invocations


You had 5 spell levels left.
You didn't know any spells.
Your spell library was empty.

Dungeon Overview and Level Annotations

Branches:
Dungeon (1/1)

Altars:
Cheibriados
Dithmenos
Fedhas
Gozag
Kikubaaqudgha
Makhleb
Okawaru
Qazlal
Ru
Sif Muna
Trog
Uskayaw
Vehumet
Wu Jian
Xom
Yredelemnul
Zin
The Shining One
Beogh
Jiyva
Lugonu

Shops:
D *[%??*?*:[((!!!!


Innate Abilities, Weirdness & Mutations

You have hooves in place of feet.
Armour fits poorly on your strangely shaped body.
You cover ground very quickly.
You have extremely tough skin. (AC +3)
You possess an exceptional clarity of mind.
You are clumsy. (Dex -2)
You passively map a small area around you.
You occasionally shout uncontrollably at your foes.


Message History

2 stones; a frilled lizard skeleton
r - 2 stones The white imp shouts, "Take thy face hence, thou pandering hasty-witted canker-blossom!" 5...
The white imp barely misses you.
You closely miss the white imp. Your kick misses the white imp. 4...
The white imp gestures at you. The puff of frost hits you.
You barely miss the white imp. You kick the white imp.
The white imp is lightly wounded. 3...
The white imp barely misses you.
You hit the white imp.
The white imp convulses.
You kick the white imp.
You kill the white imp!
Makhleb accepts your kill.
You can now summon a lesser servant of Makhleb.
You feel better.
Victory!
Score multiplier: 2x You now have 30 arena points (gained 24).
You have reached level 6!
Your experience leads to an increase in your attributes!
Your base attributes are Str 15, Int 10, Dex 10.
Increase (S)trength, (I)ntelligence, or (D)exterity?
You feel stronger.
You now have enough gold to buy a +0 cloak on this level, buy a potion of mutation on this level, buy 3 scrolls of fog on this level, buy 4 scrolls of fog on this level, or buy 4 potions of curing on this level.
You can access your shopping list by pressing '$'.
You now have 89 gold pieces (gained 40).
Get ready!
ROUND 3!
FIGHT!
A jumping spider comes into view.
Wield which item (- for none, * to show all)? (? for menu, Esc to quit)
Your +1 short sword of holy wrath stops glowing.
a - a +1 shortbow (weapon)
The jumping spider hisses angrily.
The jumping spider leaps!
Firing (i - inventory. (/) - cycle)
d - 15 arrows (quivered)
Press: ? - help, Shift-Dir - straight line, f - jumping spider
Aim: a jumping spider You shoot an arrow.
The arrow hits the jumping spider.
The jumping spider is lightly wounded.
Firing (i - inventory. (/) - cycle)
d - 14 arrows (quivered)
Press: ? - help, Shift-Dir - straight line, f/p - jumping spider
Aim: a jumping spider (lightly wounded)
You shoot an arrow.
The arrow closely misses the jumping spider.
Firing (i - inventory. (/) - cycle)
d - 13 arrows (quivered)
Press: ? - help, Shift-Dir - straight line, f/p - jumping spider
Aim: a jumping spider (lightly wounded)
You shoot an arrow.
The arrow closely misses the jumping spider.
The jumping spider leaps!
Firing (i - inventory. (/) - cycle)
d - 12 arrows (quivered)
Press: ? - help, Shift-Dir - straight line, f/p - jumping spider
Aim: a jumping spider (lightly wounded)
You shoot an arrow.
The arrow closely misses the jumping spider.
The jumping spider leaps!
Firing (i - inventory. (/) - cycle)
d - 11 arrows (quivered)
Press: ? - help, Shift-Dir - straight line, f/p - jumping spider
Aim: a jumping spider (lightly wounded)
You shoot an arrow. The arrow hits the jumping spider.
The jumping spider is moderately wounded.
The jumping spider leaps!
Wield which item (- for none, * to show all)? (? for menu, Esc to quit)
Okay, then.
Unknown command.
Wield which item (- for none, * to show all)? (? for menu, Esc to quit)
Your +1 short sword of holy wrath softly glows with a divine radiance!
q - a +1 short sword of holy wrath (weapon)
The jumping spider pounces on you! The jumping spider closely misses you.
You hit the jumping spider but do no damage.
The jumping spider is moderately wounded.
The jumping spider pounces on you!
You are caught in a web!
The jumping spider bites you but does no damage.
You are caught in a web!
The web tears apart.
The jumping spider barely misses you. The jumping spider closely misses you.
The jumping spider pounces on you.
The jumping spider bites you but does no damage.
Wield which item (- for none, * to show all)? (? for menu, Esc to quit)
Okay, then.
You hit the jumping spider but do no damage.
You kick the jumping spider.
The jumping spider is heavily wounded.
The jumping spider barely misses you. The jumping spider bites you.
You barely miss the jumping spider.
You kick the jumping spider, but do no damage.
The jumping spider is heavily wounded.
The jumping spider pounces on you.
The jumping spider bites you but does no damage.
The jumping spider pounces on you!
You are caught in a web!
The jumping spider bites you.
You struggle to detach yourself from the web.
The jumping spider pounces on you!
* * * LOW HITPOINT WARNING * * *
The jumping spider bites you.
* * * LOW HITPOINT WARNING * * *
The jumping spider pounces on you!
You die...

#∩.......∩# #_......._#
#_......._# #_......._#
###.........###
#⌠......)....⌠#
#####.8........(8.######
∩.__......###......___∩##
........8.# #.8.@s.....∩###
..........###...(.........##
.......###...###..........⌠#
.......# #.<.# #........(.⌠#
.......###(.5###.........(⌠#
...5......###............(##
........8.# #.8........∩###
∩___...[..###.....(__.∩##
#####.8.........8.######


You could see a jumping spider.

Vanquished Creatures
  Grinder (D)
  Terence (D)
  An adder (D)
  2 shadow imps (D)
  2 white imps (D)
  A goblin (D)
  A frilled lizard (D)
  A kobold (D)
10 creatures vanquished.

Notes
Turn   | Place    | Note
-------+----------+-------------------------------------------
     0 | D        | MisterOstroum the Centaur Hunter began the quest for the
                  | Orb.
     0 | D        | Reached XP level 1. HP: 17/17 MP: 1/1
     1 | D        | Found a snail-covered altar of Cheibriados.
     1 | D        | Found a blossoming altar of Fedhas.
     2 | D        | Found a radiant altar of Vehumet.
     2 | D        | Found a corrupted altar of Lugonu.
     3 | D        | Found a roughly hewn altar of Beogh.
     3 | D        | Found a stormy altar of Qazlal.
     4 | D        | Found an ancient bone altar of Kikubaaqudgha.
     4 | D        | Found a bloodstained altar of Trog.
     4 | D        | Found Fytoudipn's Staff Store.
     4 | D        | Found Sucedghomn's Magic Scroll Shop.
     5 | D        | Found a hide-covered altar of Uskayaw.
     6 | D        | Found Kuckir's Distillery.
     7 | D        | Found Ynicley's Distillery.
     7 | D        | Found Fozach's Bottled Wisdom.
     7 | D        | Found a sacrificial altar of Ru.
     7 | D        | Found an ornate altar of the Wu Jian Council.
     7 | D        | Found Pasifu's Do-It-Yourself Clinic.
     8 | D        | Round 1.
    12 | D        | Found a burning altar of Makhleb.
    13 | D        | Found a glowing golden altar of the Shining One.
    14 | D        | Found a shadowy altar of Dithmenos.
    14 | D        | Found an iron altar of Okawaru.
    14 | D        | Found a shimmering blue altar of Sif Muna.
    14 | D        | Found Bostrejam's Weapon Rack.
    14 | D        | Found Kipteol's Premium Goods.
    15 | D        | Found Merchar's Basic Armour.
    15 | D        | Found Tofal's Miscellaneous Merchandise.
    19 | D        | Found a basalt altar of Yredelemnul.
    31 | D        | Became a worshipper of Makhleb the Destroyer
    58 | D        | Bought 3 potions of heal wounds for 105 gold pieces
    69 | D        | Bought a potion of mutation for 56 gold pieces
    69 | D        | Gained mutation: You possess an exceptional clarity of
                  | mind. [potion of mutation]
    69 | D        | Gained mutation: You are clumsy. (Dex -2) [potion of
                  | mutation]
    69 | D        | Gained mutation: You occasionally shout uncontrollably at
                  | your foes. [potion of mutation]
    69 | D        | Gained mutation: You passively map a small area around you.
                  | [potion of mutation]
    76 | D        | Found Suatom's Must-Have Magic.
    77 | D        | Found Saigar's Magic Scroll Shop.
    94 | D        | Found a viscous altar of Jiyva.
    98 | D        | Found a glowing silver altar of Zin.
    98 | D        | Found Rozxux Fef's Delicious Food.
    98 | D        | Found Emihunk's Jewellery.
    99 | D        | Found Zumac's Advanced Armour.
   104 | D        | Found Umypreuf's Identification Station.
   104 | D        | Found a shimmering altar of Xom.
   104 | D        | Found an opulent altar of Gozag.
   128 | D        | Reached * piety under Makhleb
   136 | D        | Noticed Terence
   161 | D        | Killed Terence
   161 | D        | Reached skill level 5 in Fighting
   161 | D        | Reached skill level 7 in Bows
   161 | D        | Reached XP level 2. HP: 29/29 MP: 2/2
   190 | D        | Noticed Sigmund
   202 | D        | Reached XP level 3. HP: 36/36 MP: 3/3
   254 | D        | Arena points: 6 (+6) [x1]
   274 | D        | Round 2.
   290 | D        | Noticed Grinder
   300 | D        | Reached ** piety under Makhleb
   319 | D        | Paralysed by Grinder for 4 turns
   329 | D        | Killed Grinder
   329 | D        | Reached skill level 10 in Bows
   329 | D        | Reached skill level 5 in Invocations
   329 | D        | Reached XP level 4. HP: 50/50 MP: 3/7
   329 | D        | Reached XP level 5. HP: 57/57 MP: 3/8
   339 | D        | Reached *** piety under Makhleb
   339 | D        | Arena points: 30 (+24) [x2]
   339 | D        | Reached XP level 6. HP: 63/64 MP: 3/9
   356 | D        | Round 3.
   357 | D        | Noticed a jumping spider
   371 | D        | Mangled by a jumping spider

Levels and vault maps discovered:
D:        arena_sprint

Skill      XL: |  1  2  3 |
---------------+----------+-----
Fighting       | 5 9 |  9.6
Bows           | 7 10 | 10.1
Invocations    | 5 |  5.1
Dodging        | |  1.3
Stealth        | |  0.4

Action                   |  1- 3 |  4- 6 || total
-------------------------+-------+-------++-------
Melee: Short sword       |    17 |     6 ||    23
       Kick              |     1 |     4 ||     5
 Fire: Shortbow          |    23 |     5 ||    28
  Use: Potion            |     2 |       ||     2
Armor: Leather armour    |     6 |     3 ||     9
Dodge: Dodged            |     6 |     6 ||    12

Table legend:
 A = Non-vault XP
 B = Vault XP
 C = Vault XP percentage of total XP
 D = Non-vault monster count
 E = Vault monster count
 F = Vault count percentage of total count
                 A         B        C        D         E       F
            +---------+---------+-------+---------+---------+-------
      Total |     387 |       0 |   0.0 |      10 |       0 |   0.0
            +---------+---------+-------+---------+---------+-------
          D |     387 |       0 |   0.0 |      10 |       0 |   0.0
            +---------+---------+-------+---------+---------+-------
